| TOP OF THE 1ST |
|
Lakewood BlueClaws batting - Pitching for Great Lakes Loons : RHP Oscar Andrade
|
|
Pitching: RHP Oscar Andrade
|
|
|
Batting: LHB Jonathan Roman
|
0-0: Swinging Strike 0-1: Ball 1-1: Ball 2-1: Swinging Strike 2-2: Foul Ball, location: 2F 2-2: Foul Ball, location: 2F 2-2: Foul Ball, location: 2F 2-2: Strikes out swinging
|
|
Batting: SHB Steve DeRienzo
|
0-0: Called Strike 0-1: Ball 1-1: Ball 2-1: Ball 3-1: Ground out 4-3 (Groundball, 4, EV 88.8 MPH)
|
|
Batting: RHB Alan Weller
|
0-0: SINGLE (Flyball, 89S, EV 91.2 MPH)
|
|
Batting: SHB Brett St. Clair
|
0-0: Called Strike 0-1: Foul Ball, location: 2F 0-2: Ball Alan Weller steals 2nd base 1-2: Ball 2-2: Strikes out looking
|
| Top of the 1st over - 0 runs, 1 hit, 0 errors, 1 left on base; Lakewood 0 - Great Lakes 0 |
| BOTTOM OF THE 1ST |
|
Great Lakes Loons batting - Pitching for Lakewood BlueClaws : RHP Joe Morse
|
|
Pitching: RHP Joe Morse
|
|
|
Batting: SHB Hank Arias
|
0-0: Ball 1-0: Ball 2-0: Ball 3-0: Base on Balls
|
|
Batting: SHB Josh Vaill
|
0-0: Swinging Strike 0-1: Ball 1-1: Swinging Strike 1-2: Ball 2-2: Strikes out swinging
|
|
Batting: LHB Jim Jardine
|
0-0: Called Strike 0-1: Foul Ball, location: 2F 0-2: Foul Ball, location: 2F 0-2: Foul Ball, location: 2F 0-2: Ball 1-2: Grounds into double play, 4-6-3 (Groundball, 4D, EV 98.8 MPH)
|
| Bottom of the 1st over - 0 runs, 0 hits, 0 errors, 0 left on base; Lakewood 0 - Great Lakes 0 |
| TOP OF THE 2ND |
|
Lakewood BlueClaws batting - Pitching for Great Lakes Loons : RHP Oscar Andrade
|
|
Batting: RHB Mike Maserang
|
0-0: Swinging Strike 0-1: Ball 1-1: Swinging Strike 1-2: Foul Ball, location: 2F 1-2: Ball 2-2: Foul Ball, location: 2F 2-2: Strikes out looking
|
|
Batting: LHB Josh George
|
0-0: Called Strike 0-1: Foul Ball, location: 2F 0-2: Ball 1-2: Strikes out looking
|
|
Batting: LHB Eric Farren
|
0-0: Ball 1-0: SINGLE (Line Drive, 89M, EV 106.2 MPH)
|
|
Batting: RHB Juan Valadez
|
0-0: Called Strike 0-1: Ball Eric Farren is caught stealing 2nd base 2-4
|
| Top of the 2nd over - 0 runs, 1 hit, 0 errors, 0 left on base; Lakewood 0 - Great Lakes 0 |
| BOTTOM OF THE 2ND |
|
Great Lakes Loons batting - Pitching for Lakewood BlueClaws : RHP Joe Morse
|
|
Batting: RHB Eddie Perry
|
0-0: Called Strike 0-1: Ball 1-1: SINGLE (Groundball, 5D, EV 103.1 MPH)
|
|
Batting: RHB Alex Melgoza
|
0-0: Swinging Strike 0-1: Ball 1-1: Swinging Strike 1-2: Strikes out swinging
|
|
Batting: RHB Aaron Joseph
|
0-0: Called Strike 0-1: Ball 1-1: Grounds into double play, 5-4-3 (Groundball, 5, EV 86.2 MPH)
|
| Bottom of the 2nd over - 0 runs, 1 hit, 0 errors, 0 left on base; Lakewood 0 - Great Lakes 0 |
| TOP OF THE 3RD |
|
Lakewood BlueClaws batting - Pitching for Great Lakes Loons : RHP Oscar Andrade
|
|
Batting: RHB Juan Valadez
|
0-0: Called Strike 0-1: Foul Ball, location: 2F 0-2: Ball 1-2: Strikes out swinging
|
|
Batting: RHB Trent Hedrick
|
0-0: Foul Ball, location: 2F 0-1: Ball 1-1: SINGLE (Groundball, P, EV 86.9 MPH) (infield hit)
|
|
Batting: LHB Jonathan Roman
|
0-0: Ball 1-0: Ball 2-0: Fielders Choice at 2nd, 2-6 (Groundball, 13S, EV 73.8 MPH)
|
|
Batting: SHB Steve DeRienzo
|
0-0: Ball 1-0: Ball Jonathan Roman steals 2nd base 2-0: Foul Ball, location: 2F 2-1: Ball 3-1: Ground out 4-3 (Groundball, 4, EV 87.5 MPH)
|
| Top of the 3rd over - 0 runs, 1 hit, 0 errors, 1 left on base; Lakewood 0 - Great Lakes 0 |
| BOTTOM OF THE 3RD |
|
Great Lakes Loons batting - Pitching for Lakewood BlueClaws : RHP Joe Morse
|
|
Batting: RHB Mike Kaczor
|
0-0: Ground out 6-3 (Groundball, 6, EV 99.4 MPH)
|
|
Batting: LHB Ramon Vega
|
0-0: Ball 1-0: Ground out U3 (Groundball, 3, EV 103.1 MPH)
|
|
Batting: RHB Ingidayehu Lagat
|
0-0: SINGLE (Groundball, 56, EV 107.5 MPH)
|
|
Batting: SHB Hank Arias
|
0-0: Fly out, F9 (Flyball, 89D, EV 91.9 MPH)
|
| Bottom of the 3rd over - 0 runs, 1 hit, 0 errors, 1 left on base; Lakewood 0 - Great Lakes 0 |
| TOP OF THE 4TH |
|
Lakewood BlueClaws batting - Pitching for Great Lakes Loons : RHP Oscar Andrade
|
|
Batting: RHB Alan Weller
|
0-0: Swinging Strike 0-1: Ball 1-1: Fly out, F9 (Flyball, 9D, EV 74.4 MPH)
|
|
Batting: SHB Brett St. Clair
|
0-0: Ball 1-0: Ball 2-0: Ground out 5-3 (Groundball, 5L, EV 88.8 MPH)
|
|
Batting: RHB Mike Maserang
|
0-0: Ground out 6-3 (Groundball, 6, EV 91.2 MPH)
|
| Top of the 4th over - 0 runs, 0 hits, 0 errors, 0 left on base; Lakewood 0 - Great Lakes 0 |
| BOTTOM OF THE 4TH |
|
Great Lakes Loons batting - Pitching for Lakewood BlueClaws : RHP Joe Morse
|
|
Batting: SHB Josh Vaill
|
0-0: Swinging Strike 0-1: Foul Ball, location: 2F 0-2: Ball 1-2: Strikes out swinging
|
|
Batting: LHB Jim Jardine
|
0-0: DOUBLE (Line Drive, 8LXD, EV 100.0 MPH)
|
|
Batting: RHB Eddie Perry
|
0-0: Fly out, F8 (Flyball, 8LXD, EV 87.5 MPH) Runner from 2nd tags up, SAFE at 3rd, no throw by CF
|
|
Batting: RHB Alex Melgoza
|
0-0: Ball 1-0: Called Strike 1-1: Fly out, F9 (Flyball, 89S, EV 92.5 MPH)
|
| Bottom of the 4th over - 0 runs, 1 hit, 0 errors, 1 left on base; Lakewood 0 - Great Lakes 0 |
| TOP OF THE 5TH |
|
Lakewood BlueClaws batting - Pitching for Great Lakes Loons : RHP Oscar Andrade
|
|
Batting: LHB Josh George
|
0-0: Called Strike 0-1: Ball 1-1: Ball 2-1: Foul Ball, location: 2F 2-2: Strikes out swinging
|
|
Batting: LHB Eric Farren
|
0-0: Ball 1-0: Swinging Strike 1-1: Called Strike 1-2: SINGLE (Line Drive, 8LS, EV 93.1 MPH)
|
|
Batting: RHB Juan Valadez
|
0-0: Ball 1-0: Foul Ball, location: 2F 1-1: SINGLE (Groundball, 6MD, EV 103.8 MPH) Eric Farren to second Eric Farren to third
|
|
Batting: RHB Trent Hedrick
|
0-0: Ball 1-0: SINGLE (Groundball, 4D, EV 94.4 MPH) Eric Farren scores Juan Valadez to second
|
|
Batting: LHB Jonathan Roman
|
0-0: Ball 1-0: DOUBLE (Flyball, 89D, EV 105.0 MPH) Juan Valadez scores Trent Hedrick to third
|
|
Batting: SHB Steve DeRienzo
|
0-0: Ball 1-0: Swinging Strike 1-1: Swinging Strike 1-2: Foul Ball, location: 2F 1-2: Strikes out looking
|
|
Batting: RHB Alan Weller
|
0-0: Ball 1-0: Ball Wild Pitch! Trent Hedrick scores Jonathan Roman to third 2-0: Ball 3-0: Called Strike 3-1: SINGLE (Groundball, 56D, EV 96.2 MPH) Jonathan Roman scores
|
|
Batting: SHB Brett St. Clair
|
0-0: Ball Alan Weller is caught stealing 2nd base 2-6
|
| Top of the 5th over - 4 runs, 5 hits, 0 errors, 0 left on base; Lakewood 4 - Great Lakes 0 |
| BOTTOM OF THE 5TH |
|
Great Lakes Loons batting - Pitching for Lakewood BlueClaws : RHP Joe Morse
|
|
Batting: RHB Aaron Joseph
|
0-0: Swinging Strike 0-1: Foul Ball, location: 2F 0-2: Ball 1-2: Strikes out swinging
|
|
Batting: RHB Mike Kaczor
|
0-0: Called Strike 0-1: Swinging Strike 0-2: Strikes out looking
|
|
Batting: LHB Ramon Vega
|
0-0: Called Strike 0-1: Ball 1-1: Ground out 4-3 (Groundball, 4, EV 84.4 MPH)
|
| Bottom of the 5th over - 0 runs, 0 hits, 0 errors, 0 left on base; Lakewood 4 - Great Lakes 0 |
| TOP OF THE 6TH |
|
Lakewood BlueClaws batting - Pitching for Great Lakes Loons : RHP Oscar Andrade
|
|
Batting: SHB Brett St. Clair
|
0-0: Called Strike 0-1: SOLO HOME RUN (Flyball, 89XD, EV 98.8 MPH), Distance : 387 ft
|
|
Pitching: RHP Steve Pierson
|
|
|
Batting: RHB Mike Maserang
|
0-0: Ball 1-0: Ball 2-0: Called Strike 2-1: Ball 3-1: Called Strike 3-2: Base on Balls
|
|
Batting: LHB Josh George
|
0-0: Ball Mike Maserang steals 2nd base 1-0: Swinging Strike 1-1: Hit by Pitch
|
|
Batting: LHB Eric Farren
|
0-0: Called Strike 0-1: Ball 1-1: Ball 2-1: Foul Ball, location: 2F 2-2: Strikes out swinging
|
|
Batting: RHB Juan Valadez
|
0-0: Swinging Strike 0-1: Ball 1-1: Ball 2-1: Called Strike 2-2: Ball Wild Pitch! Mike Maserang to third Josh George to second 3-2: Ground out 4-3 (Groundball, 4M, EV 88.1 MPH) Mike Maserang scores Josh George to third
|
|
Batting: RHB Trent Hedrick
|
0-0: Called Strike 0-1: Called Strike 0-2: Ball 1-2: Ball 2-2: Strikes out looking
|
| Top of the 6th over - 2 runs, 1 hit, 0 errors, 1 left on base; Lakewood 6 - Great Lakes 0 |
| BOTTOM OF THE 6TH |
|
Great Lakes Loons batting - Pitching for Lakewood BlueClaws : RHP Joe Morse
|
|
Batting: RHB Ingidayehu Lagat
|
0-0: Called Strike 0-1: Swinging Strike 0-2: Ball 1-2: Ball 2-2: Foul Ball, location: 2F 2-2: Ball 3-2: Ground out U3 (Groundball, 34S, EV 61.2 MPH)
|
|
Batting: SHB Hank Arias
|
0-0: Ball 1-0: Ball 2-0: Fly out, F5 (Popup, 25F, EV 81.2 MPH)
|
|
Batting: SHB Josh Vaill
|
0-0: Ball 1-0: Called Strike 1-1: Ground out 6-3 (Groundball, 56, EV 80.0 MPH)
|
| Bottom of the 6th over - 0 runs, 0 hits, 0 errors, 0 left on base; Lakewood 6 - Great Lakes 0 |
| TOP OF THE 7TH |
|
Lakewood BlueClaws batting - Pitching for Great Lakes Loons : RHP Steve Pierson
|
|
Batting: LHB Jonathan Roman
|
0-0: DOUBLE (Flyball, 89D, EV 105.6 MPH)
|
|
Batting: SHB Steve DeRienzo
|
0-0: Ball 1-0: Foul Ball, location: 2F 1-1: Called Strike 1-2: Ground out 6-3 (Groundball, 4M, EV 91.2 MPH) Jonathan Roman to third
|
|
Batting: RHB Alan Weller
|
0-0: Ground out 1-3 (Groundball, 13S, EV 63.8 MPH)
|
|
Batting: SHB Brett St. Clair
|
0-0: Called Strike 0-1: Swinging Strike 0-2: Strikes out swinging
|
| Top of the 7th over - 0 runs, 1 hit, 0 errors, 1 left on base; Lakewood 6 - Great Lakes 0 |
| BOTTOM OF THE 7TH |
|
Great Lakes Loons batting - Pitching for Lakewood BlueClaws : RHP Joe Morse
|
|
Batting: LHB Jim Jardine
|
0-0: Swinging Strike 0-1: Ground out 4-3 (Groundball, 4, EV 83.1 MPH)
|
|
Batting: RHB Eddie Perry
|
0-0: Ball 1-0: Called Strike 1-1: Ground out 4-3 (Groundball, 4, EV 90.0 MPH)
|
|
Batting: RHB Alex Melgoza
|
0-0: Fly out, F5 (Popup, 25F, EV 85.0 MPH)
|
| Bottom of the 7th over - 0 runs, 0 hits, 0 errors, 0 left on base; Lakewood 6 - Great Lakes 0 |
| TOP OF THE 8TH |
|
Lakewood BlueClaws batting - Pitching for Great Lakes Loons : RHP Steve Pierson
|
|
Batting: RHB Mike Maserang
|
0-0: Foul Ball, location: 2F 0-1: Swinging Strike 0-2: Ball 1-2: Foul Ball, location: 2F 1-2: Strikes out looking
|
|
Batting: LHB Josh George
|
0-0: Called Strike 0-1: Foul Ball, location: 2F 0-2: Strikes out swinging
|
|
Batting: LHB Eric Farren
|
0-0: TRIPLE (Flyball, 89XD, EV 97.5 MPH)
|
|
Batting: RHB Juan Valadez
|
0-0: Ball 1-0: Ground out 6-3 (Groundball, 56, EV 100.0 MPH)
|
| Top of the 8th over - 0 runs, 1 hit, 0 errors, 1 left on base; Lakewood 6 - Great Lakes 0 |
| BOTTOM OF THE 8TH |
|
Great Lakes Loons batting - Pitching for Lakewood BlueClaws : RHP Joe Morse
|
|
Batting: RHB Aaron Joseph
|
0-0: SINGLE (Groundball, 34D, EV 97.5 MPH)
|
|
Batting: RHB Mike Kaczor
|
0-0: Called Strike 0-1: Swinging Strike 0-2: Foul Ball, location: 2F 0-2: Hit by Pitch Aaron Joseph to second
|
|
Batting: LHB Ramon Vega
|
0-0: Ball 1-0: Fielders Choice at 2nd, 6-4 (Groundball, 6D, EV 89.4 MPH) Aaron Joseph to third
|
|
Batting: RHB Ingidayehu Lagat
|
0-0: Foul Ball, location: 2F 0-1: Grounds into double play, 3-6-3 (Groundball, 34, EV 104.4 MPH)
|
| Bottom of the 8th over - 0 runs, 1 hit, 0 errors, 1 left on base; Lakewood 6 - Great Lakes 0 |
| TOP OF THE 9TH |
|
Lakewood BlueClaws batting - Pitching for Great Lakes Loons : RHP Steve Pierson
|
|
Batting: RHB Trent Hedrick
|
0-0: Foul Ball, location: 2F 0-1: Ball 1-1: Ball 2-1: SINGLE (Groundball, 6MD, EV 83.8 MPH) (infield hit)
|
|
Pitching: RHP Edwin Vega
|
|
|
Batting: LHB Jonathan Roman
|
0-0: Fly out, F8 (Line Drive, 8LD, EV 93.1 MPH)
|
|
Batting: SHB Steve DeRienzo
|
0-0: Foul Ball, location: 2F 0-1: Called Strike Trent Hedrick is caught stealing 2nd base 2-6 0-2: Ball 1-2: DOUBLE (Flyball, 8RXD, EV 103.1 MPH)
|
|
Batting: RHB Alan Weller
|
0-0: SINGLE (Groundball, 6D, EV 96.9 MPH) Steve DeRienzo to third Runner from 3rd tries for Home, SAFE, throw by CF to home Alan Weller to second
|
|
Batting: SHB Brett St. Clair
|
0-0: Called Strike 0-1: Ball 1-1: Ball 2-1: Ball 3-1: Foul Ball, location: 2F 3-2: Ground out 4-3 (Groundball, 4, EV 85.0 MPH)
|
| Top of the 9th over - 1 run, 3 hits, 0 errors, 1 left on base; Lakewood 7 - Great Lakes 0 |
| BOTTOM OF THE 9TH |
|
Great Lakes Loons batting - Pitching for Lakewood BlueClaws : RHP Joe Morse
|
|
Batting: SHB Hank Arias
|
0-0: Called Strike 0-1: Ball 1-1: Foul Ball, location: 2F 1-2: Foul Ball, location: 2F 1-2: Foul Ball, location: 2F 1-2: Strikes out swinging
|
|
Batting: SHB Josh Vaill
|
0-0: Ball 1-0: Called Strike 1-1: Foul Ball, location: 2F 1-2: Strikes out swinging
|
|
Batting: LHB Jim Jardine
|
0-0: Fly out, F8 (Line Drive, 8RM, EV 110.0 MPH)
|
| Bottom of the 9th over - 0 runs, 0 hits, 0 errors, 0 left on base; Lakewood 7 - Great Lakes 0 |
|